 Dungeon Crawl Stone Soup version 0.23-a0-650-ga4d50d4 (webtiles) character file.

286 zishaf the Chopper (level 6, 0/56 HPs)
             Began as a Hill Orc Monk on Jan 3, 2019.
             Killed from afar by Grinder (7 damage)
             ... with a wand of flame (9)
             ... on level 4 of the Dungeon.
             The game lasted 00:04:54 (2710 turns).

zishaf the Chopper (Hill Orc Monk)                  Turns: 2710, Time: 00:04:55

Health: 0/56       AC:  6    Str: 16    XL:     6   Next: 30%
Magic:  6/6        EV: 12    Int: 10    God:
Gold:   99         SH:  2    Dex: 13    Spells: 5/5 levels left

rFire    . . .     SeeInvis .   a - +0 hand axe
rCold    . . .     Gourm    .   (no shield)
rNeg     . . .     Faith    .   h - +0 ring mail
rPois    .         Spirit   .   k - +0 helmet
rElec    .         Reflect  +   (no cloak)
rCorr    .         Harm     .   (no gloves)
MR       +....                  (no boots)
Stlth    +.........             u - +2 amulet of reflection
HPRegen  0.18/turn              l - ring of protection from magic
MPRegen  0.10/turn              (no ring)

@: no status effects
A: no striking features
a: no special abilities


You were on level 4 of the Dungeon.
You were not hungry.

You visited 1 branch of the dungeon, and saw 4 of its levels.

You collected 99 gold pieces.

Inventory:

Hand Weapons
 a - a +0 hand axe (weapon)
 b - a +0 blowgun
Missiles
 q - 17 poisoned needles
Armour
 h - a +0 ring mail (worn)
 k - a +0 helmet (worn)
Jewellery
 i - an uncursed amulet of regeneration
 l - a ring of protection from magic (left hand)
 n - an uncursed amulet of the acrobat
 u - a +2 amulet of reflection (around neck)
Scrolls
 d - a scroll of immolation {unknown}
 f - a scroll of remove curse {unknown}
 g - a scroll of blinking {unknown}
 o - 4 scrolls of teleportation {unknown}
 p - 4 scrolls of identify {unknown}
 r - a scroll of noise {unknown}
Potions
 e - 2 potions of flight {unknown}
 j - 3 potions of lignification {unknown}
 s - 2 potions of curing {unknown}
 v - a potion of brilliance {unknown}
Comestibles
 c - 10 rations
 t - a chunk of flesh


   Skills:
 + Level 5.3 Fighting
 * Level 7.4 Axes
 - Level 3.0 Dodging
 - Level 1.5 Stealth


You had 5 spell levels left.
You didn't know any spells.
Your spell library contained the following spells:

 Spells                   Type           Power        Failure   Level  Hunger
 Beastly Appendage        Tmut           #.....       58%         1    ##.....
 Sticks to Snakes         Tmut           #.......     73%         2    ###....
 Spider Form              Tmut/Pois      #.........   91%         3    ####...
 Ice Form                 Ice/Tmut       #.......     100%        4    #####..
 Blade Hands              Tmut           #.........   100%        5    ######.


Dungeon Overview and Level Annotations

Branches:
Dungeon (4/15)
 Temple: D:4-7

Altars:

Annotations:
D:4 Grinder


Message History

Grinder is severely wounded.
Grinder zaps a wand.
The puff of flame hits you!
You hit Grinder but do no damage.
Grinder is severely wounded.
Grinder hits you!
* * * LOW HITPOINT WARNING * * *
You writhe in agony.
* * * LOW HITPOINT WARNING * * *
You hit Grinder but do no damage.
Grinder is severely wounded.
Grinder hits you but does no damage.
You hit Grinder.
Grinder is almost dead.
Grinder misses you.
You hit Grinder.
Grinder is almost dead.
Grinder blinks!
Grinder zaps a wand.
The puff of flame hits you!
Grinder zaps a wand.
The puff of flame hits you!
You die...

#.........##.#
#.##.#.#.###.# #(..####
#.##.#........ #(.(#
..######.##.###.###.# #..(.
#..............#####
#####..(
##.###...#........#
..#...((.#
#.........#>....#
#$......(#
#.##...##.......# #......##
##@##...####.....# ##...##
##ยง###...####.....#
#.....###..............####
#......5.#########.#####
#.....#### #.# ######
##...## #.# #..... #.......
#.# #.#### #(##.##.# #.#
#.# # #. #.# .# #.####.#


You could see Grinder.

Vanquished Creatures
  A scorpion (D:3)
  A centaur zombie (D:3)
  Jessica (D:3)
  2 worker ants
  5 adders
  3 oozes
  2 worms (D:3)
  2 leopard geckos (D:3)
  2 orcs (D:3)
  8 bats
  A giant cockroach (D:3)
  8 goblins
  8 hobgoblins
  11 jackals (D:2)
  4 kobolds
  A quokka (D:3)
  A ball python (D:3)
  2 frilled lizards
  8 rats
71 creatures vanquished.

Notes
Turn   | Place    | Note
-------+----------+-------------------------------------------
     0 | D:1      | zishaf the Hill Orc Monk began the quest for the Orb.
     0 | D:1      | Reached XP level 1. HP: 19/19 MP: 1/1
   154 | D:1      | Reached XP level 2. HP: 20/27 MP: 2/2
   833 | D:2      | Reached XP level 3. HP: 33/33 MP: 3/3
   904 | D:2      | Reached skill level 5 in Axes
  1232 | D:2      | Reached XP level 4. HP: 39/40 MP: 4/4
  1553 | D:3      | Noticed Jessica
  1746 | D:3      | Reached skill level 6 in Axes
  1746 | D:3      | Reached XP level 5. HP: 27/47 MP: 5/5
  1962 | D:3      | Reached skill level 5 in Fighting
  2096 | D:3      | Reached skill level 7 in Axes
  2096 | D:3      | Reached XP level 6. HP: 56/56 MP: 6/6
  2391 | D:3      | Killed Jessica
  2665 | D:4      | Noticed Grinder
  2677 | D:4      | Paralysed by Grinder for 5 turns
  2710 | D:4      | Killed from afar by Grinder

Vault maps used:
D:1:      kennysheep_arrival_forest
D:2:      kennysheep_big_flooded_room, first_ration
D:3:      minmay_cut_off, uniq_jessica
D:4:      uniq_pikel, uniq_grinder

Skill      XL: |  1  2  3  4  5 |
---------------+----------------+-----
Fighting       | 4 5 |  5.3
Axes           | 5 6 7 |  7.4
Dodging        | 3 |  3.0
Stealth        | |  1.5

Action                   |  1- 3 |  4- 6 || total
-------------------------+-------+-------++-------
Melee: Hand axe          |   109 |   141 ||   250
 Fire: Blowgun           |       |    27 ||    27
 Stab: Sleeping          |     2 |     2 ||     4
  Eat: Chunk             |     1 |     5 ||     6
Armor: Robe              |     3 |       ||     3
       Ring mail         |    54 |    31 ||    85
Dodge: Dodged            |    69 |    68 ||   137

Table legend:
 A = Non-vault XP
 B = Vault XP
 C = Vault XP percentage of total XP
 D = Non-vault monster count
 E = Vault monster count
 F = Vault count percentage of total count
                 A         B        C        D         E       F
            +---------+---------+-------+---------+---------+-------
      Total |     359 |      50 |  12.2 |      65 |       6 |   8.5
            +---------+---------+-------+---------+---------+-------
        D:1 |      21 |       0 |   0.0 |      10 |       0 |   0.0
        D:2 |      75 |       8 |   9.6 |      24 |       2 |   7.7
        D:3 |     231 |      42 |  15.4 |      30 |       4 |  11.8
        D:4 |      32 |       0 |   0.0 |       1 |       0 |   0.0
            +---------+---------+-------+---------+---------+-------
